 Dungeon Crawl Stone Soup version 0.28.0-45-g0d030f2227 (webtiles) character file.

Game seed: 8463125010729404556

19 101zpm the Caller (level 2, -1/23 HPs)
             Began as a Gnoll Wanderer on Apr 20, 2022.
             Slain by a centaur skeleton (2 damage)
             ... on level 5 of the Dungeon.
             The game lasted 00:04:48 (1002 turns).

101zpm the Caller (Gnoll Wanderer)                  Turns: 1002, Time: 00:04:49

Health: -1/23      AC:  4    Str: 10    XL:     2   Next: 75%
Magic:  2/5        EV: 12    Int: 12    God:
Gold:   10         SH:  5    Dex: 11    Spells: 4/6 levels left

rFire   + . .      SeeInvis .   a - +1 dagger
rCold   . . .      Faith    .   c - +1 buckler
rNeg    . . .      Spirit   .   b - +0 robe
rPois   +          Reflect  .   (no helmet)
rElec   .          Harm     .   (no cloak)
rCorr   .          Rampage  .   (no gloves)
Will    .....                   (no boots)
Stlth   +.........              (no amulet)
HPRegen 0.07/turn               (no ring)
MPRegen 0.09/turn               (no ring)

@: no status effects
A: fangs 1, strong nose, distributed training, iridescent scales 1, fire
resistance 1, poison resistance
a: no special abilities


You were on level 5 of the Dungeon.
You visited 1 branch of the dungeon, and saw 6 of its levels.

You collected 10 gold pieces.

Inventory:

Hand Weapons
 a - a +1 dagger (weapon)
Missiles
 e - 11 stones
Armour
 b - a +0 robe (worn)
 c - a +1 buckler (worn)
Wands
 g - a wand of paralysis (6)


   Skills:
 + Level 2.5 Fighting
 + Level 0.5 Short Blades
 + Level 0.5 Long Blades
 + Level 0.5 Axes
 + Level 0.5 Maces & Flails
 + Level 0.5 Polearms
 + Level 0.5 Staves
 + Level 0.5 Slings
 + Level 0.5 Bows
 + Level 0.5 Crossbows
 + Level 0.5 Throwing
 + Level 0.5 Armour
 + Level 2.5 Dodging
 + Level 0.5 Stealth
 + Level 2.5 Shields
 + Level 0.5 Unarmed Combat
 + Level 2.7 Spellcasting
 + Level 0.3 Conjurations
 + Level 0.3 Hexes
 + Level 5.3 Summonings
 + Level 0.3 Necromancy
 + Level 0.3 Translocations
 + Level 0.3 Transmutations
 + Level 0.3 Fire Magic
 + Level 3.7 Ice Magic
 + Level 0.3 Air Magic
 + Level 0.3 Earth Magic
 + Level 0.3 Poison Magic
 + Level 2.5 Invocations
 + Level 0.5 Evocations


You had 4 spell levels left.
You knew the following spells:

 Your Spells              Type           Power      Damage    Failure   Level
a - Summon Small Mammal   Summ           56%        N/A       3%          1
b - Freeze                Ice            40%        1d6       8%          1

Your spell library contained the following spells:

 Spells                   Type           Power      Damage    Failure   Level
 Call Imp                 Summ           14%        N/A       5%          2
 Ozocubu's Armour         Ice            10%        N/A       22%         3
 Summon Guardian Golem    Hex/Summ       8%         N/A       30%         3


Dungeon Overview and Level Annotations

Branches:
Dungeon (6/15)
 Temple: D:4-7

Altars:


Innate Abilities, Weirdness & Mutations

You have very sharp teeth.
Your uncanny sense of smell can sniff out nearby items.
Your experience applies equally to all skills.
You are partially covered in iridescent scales. (AC +2)
Your flesh is heat resistant. (rF+)
Your system is resistant to poisons. (rPois)


Message History

* * * LOW HITPOINT WARNING * * *
The centaur skeleton barely misses you.
As you read the scroll labelled JEROLUCRYTT, it crumbles to dust.
It is a scroll of enchant armour.
Your +0 buckler glows green for a moment.
The centaur skeleton hits you.
* * * LOW HITPOINT WARNING * * *
The centaur skeleton kicks you but does no damage.
The centaur skeleton hits you.
* * * LOW HITPOINT WARNING * * *
The centaur skeleton misses you.
It was a potion of mutation.
You feel extremely strange.
Iridescent scales grow over part of your body.
You feel resistant to poisons.
You feel resistant to heat.
The centaur skeleton hits you but does no damage.
The centaur skeleton kicks you but does no damage.
As you read the scroll labelled YSMOXE AG UKHUS, it crumbles to dust.
It is a scroll of enchant weapon.
Your +0 dagger glows red for a moment.
The centaur skeleton barely misses you.
The centaur skeleton completely misses you.
You hit the centaur skeleton. You bite the centaur skeleton.
The centaur skeleton is heavily damaged.
The centaur skeleton hits you but does no damage.
The centaur skeleton completely misses you.
You hit the centaur skeleton but do no damage.
The centaur skeleton is heavily damaged.
The centaur skeleton hits you but does no damage.
The centaur skeleton kicks you but does no damage.
The centaur skeleton hits you.
* * * LOW HITPOINT WARNING * * *
The centaur skeleton kicks you but does no damage.
Aiming: Freeze (safe; 8% risk of failure)
Press: ? - help, Q - select action, (/) - cycle Shift-Dir - straight line, f/p - centaur skeleton
Aim: a centaur skeleton (heavily damaged)
Okay, then.
You see here 25 stones.
You block the centaur skeleton's attack.
The centaur skeleton kicks you but does no damage.
The centaur skeleton hits you.
You die...

#....#######.#
########....# .#
............#######.###
#####..................
#..................
#.........#.###.##
##........#.#
#.....##.#.#
#..@..##.#..
#.Z#........
#...#......##
##.$........
#.........##
##.)....###
#####.(..#..#
#.....>.....#
#.#.##.$......


You could see a centaur skeleton.

Vanquished Creatures
  An adder (D:6)
  A dart slug (D:2)
  2 goblins
  A hobgoblin (D:3)
  A ball python (D:2)
  A bat (D:1)
  2 kobolds
  2 rats
11 creatures vanquished.

Notes
Turn   | Place    | Note
-------+----------+-------------------------------------------
     0 | D:1      | 101zpm the Gnoll Wanderer began the quest for the Orb.
     0 | D:1      | 101zpm set off with the following items: a +0 dagger, a +0
                  | robe, a +0 buckler; and the following spells available to
                  | memorise: Summon Small Mammal, Call Imp, Freeze, Ozocubu's
                  | Armour, Summon Guardian Golem
     0 | D:1      | Reached XP level 1. HP: 17/17 MP: 4/4
   197 | D:2      | Learned a level 1 spell: Summon Small Mammal
   199 | D:2      | Learned a level 1 spell: Freeze
   229 | D:2      | Reached XP level 2. HP: 15/23 MP: 1/5
   674 | D:3      | Noticed a scorpion
   732 | D:4      | Noticed a scorpion
   737 | D:5      | Entered Level 5 of the Dungeon
   750 | D:4      | Noticed a phantom
   971 | D:6      | Noticed a boulder beetle
   992 | D:5      | Gained mutation: You are partially covered in iridescent
                  | scales. (AC +2) [potion of mutation]
   992 | D:5      | Gained mutation: Your system is resistant to poisons.
                  | (rPois) [potion of mutation]
   992 | D:5      | Gained mutation: Your flesh is heat resistant. (rF+)
                  | [potion of mutation]
   995 | D:5      | HP: 1/23 [centaur skeleton (1)]
  1002 | D:5      | Slain by a centaur skeleton

Illustrated notes

Levels and vault maps discovered:
D:1:      moated_graveyard_arrival, layout_loops_cross
D:2:      layout_rooms, hellmonk_ecumenical_altar_leap_of_faith, serial_shops,
          nicolae_lakefront_shop, st_stairs_5
D:3:      layout_loops_corners, skrybe_limestone_x, grunt_ministairs_2,
          minmay_puff
D:4:      layout_cave_pods, mainiacjoe_overflow_boulevard
D:5:      layout_loops_ring
D:6:      layout_basic

Action                   || total
-------------------------++-------
Melee: Dagger            ||    22
       Bite              ||     1
 Cast: Freeze            ||    16
       Summon Small Mamm ||     2
  Use: Scroll            ||     2
       Potion            ||     1
Armor: Robe              ||    16
Dodge: Dodged            ||    29
Block: Buckler           ||     9
